 Dungeon Crawl Stone Soup version 0.28.0 (webtiles) character file.

Game seed: 8515728399729263344

93 SnakkuSnakku7 the Skirmisher (level 4, -2/42 HPs)
             Began as a Hill Orc Delver on Feb 6, 2022.
             Killed from afar by an orc wizard (10 damage)
             ... with a puff of flame
             ... on level 3 of the Dungeon.
             The game lasted 00:02:33 (2021 turns).

SnakkuSnakku7 the Skirmisher (Hill Orc Delver)      Turns: 2021, Time: 00:02:33

Health: -2/42      AC:  6    Str: 16    XL:     4   Next: 62%
Magic:  4/4        EV:  9    Int: 10    God:
Gold:   119        SH:  3    Dex: 12    Spells: 3/3 levels left

rFire   . . .      SeeInvis .   a - +0 hand axe
rCold   . . .      Faith    .   j - +0 buckler
rNeg    . . .      Spirit   .   q - +0 scale mail
rPois   .          Reflect  .   (no helmet)
rElec   .          Harm     .   (no cloak)
rCorr   .          Rampage  .   (no gloves)
Will    .....                   (no boots)
Stlth   +.........              (no amulet)
HPRegen 0.14/turn               (no ring)
MPRegen 0.09/turn               (no ring)

@: no status effects
A: no striking features
a: no special abilities


You were on level 3 of the Dungeon.
You visited 1 branch of the dungeon, and saw 5 of its levels.

You collected 119 gold pieces.

Inventory:

Hand Weapons
 a - a +0 hand axe (weapon)
Armour
 b - a +0 leather armour
 j - a +0 buckler (worn)
 q - a +0 scale mail (worn)
Jewellery
 m - a ring of willpower
Wands
 g - a wand of digging (3)
 h - a wand of iceblast (11)
Scrolls
 c - 2 scrolls of fog
 d - a scroll of magic mapping
 e - a scroll of fear
 i - 2 scrolls of teleportation {unknown}
 k - a scroll of holy word {unknown}
 p - 3 scrolls of identify {unknown}
 r - a scroll of enchant weapon {unknown}
 s - a scroll of blinking {unknown}
Potions
 f - 2 potions of haste
 l - 3 potions of heal wounds {unknown}
 n - a potion of ambrosia {unknown}
 o - a potion of attraction {unknown}
 t - a potion of curing {unknown}


   Skills:
 + Level 5.1 Fighting
 + Level 4.7 Axes
 - Level 1.5 Dodging
 - Level 4.1 Stealth


You had 3 spell levels left.
You didn't know any spells.
Your spell library contained the following spells:

 Spells                   Type           Power      Damage    Failure   Level
 Call Canine Familiar     Summ           0%         N/A       99%         3
 Portal Projectile        Hex/Tloc       0%         N/A       99%         3
 Leda's Liquefaction      Hex/Erth       0%         N/A       100%        4


Dungeon Overview and Level Annotations

Branches:
Dungeon (5/15)
 Temple: D:4-7

Altars:
Wu Jian
Zin


Message History

You barely miss the rat. The orc wizard misses you.
The rat bites you but does no damage. The orc wizard barely misses you.
You hit the orc wizard but do no damage.
The orc wizard is moderately wounded.
You hit the rat.
You kill the rat!
The orc wizard gestures wildly while chanting.
The orc wizard flickers and vanishes!
Deactivating autopickup; reactivate with Ctrl-A.
No target in view!
No target in view!
No target in view!
You hit something. You block something's attack.
You hit something but do no damage. Something hits you but does no damage.
You barely miss something.
You hear some strange, mumbled words.
You are confused.
Something hits you.
Things that are here:
a +0 dagger; a +0 leather armour; a rat corpse You miss something.
Something hits you but does no damage.
You bump into the rock wall.
Something hits you but does no damage.
You feel less confused.
You hear some strange, mumbled words.
A puff of flame appears from out of thin air!
The puff of flame hits you. Something hits you but does no damage.
You barely miss something. Something hits you but does no damage.
You hit something. Something hits you but does no damage.
You barely miss something. Something hits you.
You completely miss something. Something hits you but does no damage.
You miss something.
You hear some strange, mumbled words.
A puff of flame appears from out of thin air!
The puff of flame hits you!
* * * LOW HITPOINT WARNING * * *
You hear some strange, mumbled words.
A puff of flame appears from out of thin air!
The puff of flame hits you!
You die...

........###.#.......#
...# #.....#########
.#... #..####
......#..# #
........)####.#
########.#...
.......)#.######
.######{........
#..@........
#.#.........
#.#......... #
#......... #.........
#########.


There were no monsters in sight!

Vanquished Creatures
  2 adders
  A shadow imp (D:3)
  A white imp (D:3)
  A worm (D:2)
  A dart slug (D:2)
  2 orcs (D:3)
  6 endoplasms
  6 goblins
  8 hobgoblins
  A quokka (D:1)
  5 ball pythons
  7 bats
  8 frilled lizards
  7 rats
56 creatures vanquished.

Vanquished Creatures (others)
  A fungus (D:2)
1 creature vanquished.

Grand Total: 57 creatures vanquished

Notes
Turn   | Place    | Note
-------+----------+-------------------------------------------
     0 | D:5      | SnakkuSnakku7 the Hill Orc Delver began the quest for the
                  | Orb.
     0 | D:5      | Reached XP level 1. HP: 19/19 MP: 1/1
    10 | D:5      | Noticed a hound
    12 | D:5      | Noticed an orc wizard
    45 | D:3      | Reached skill level 4 in Fighting
    45 | D:3      | Reached XP level 2. HP: 21/27 MP: 2/2
   493 | D:1      | Reached XP level 3. HP: 25/34 MP: 3/3
  1146 | D:2      | Reached XP level 4. HP: 37/41 MP: 4/4
  1194 | D:2      | Found an ornate altar of the Wu Jian Council.
  1802 | D:3      | Found a glowing silver altar of Zin.
  1836 | D:3      | Reached skill level 5 in Fighting
  2021 | D:3      | Killed from afar by an orc wizard

Illustrated notes

Levels and vault maps discovered:
D:1:      ncdulo_smallfort, layout_rooms
D:2:      minmay_recursive_quarters, layout_loops_ring, basic_altar,
          minmay_misc_feat_plants
D:3:      layout_basic, lemuel_crystal_altar,
          shapermc_ecumenical_altar_mp_vishouse, kennysheep_generic_room_9
D:4:      layout_loops_ring, nicolae_kikubaaqudgha_miasma_corner
D:5:      minmay_skewed_foursquare, layout_basic, minmay_misc_feat_tiny,
          minmay_misc_feat_roman, uniq_pikel

Skill      XL: |  1  2  3  4 |
---------------+-------------+-----
Fighting       | 4 5 |  5.1
Axes           | 3 4 |  4.7
Dodging        | |  1.5
Stealth        | |  4.1

Action                   |  1- 3 |  4- 6 || total
-------------------------+-------+-------++-------
Melee: Hand axe          |   103 |    66 ||   169
Evoke: Wand              |     2 |       ||     2
 Stab: Sleeping          |     7 |       ||     7
Armor: Leather armour    |    33 |       ||    33
       Scale mail        |     4 |    37 ||    41
Dodge: Dodged            |    60 |    15 ||    75
Block: Buckler           |    15 |    10 ||    25
